MID
BURLINGTON BEES @ DELMARVA SHOREBIRDS
05/26/2048
 
TOP OF THE 1ST
Burlington Bees batting - Pitching for Delmarva Shorebirds : RHP Jonathan Spicer
Pitching: RHP Jonathan Spicer
Batting: RHB Sean Rocha 0-0: Called Strike
0-1: Foul Ball, location: 2F
0-2: Ball
1-2: Ball
2-2: Strikes out looking
Batting: RHB Danny Bjarnson 0-0: Called Strike
0-1: Ground out 4-3 (Groundball, 4, EV 85.6 MPH)
Batting: RHB Peter Westover 0-0: Called Strike
0-1: Reached via error on a dropped throw from SS, E3 (Groundball, 6, EV 97.5 MPH)
Batting: SHB Danny Gelinas 0-0: Ball
1-0: Called Strike
1-1: Ball
2-1: Swinging Strike
2-2: Strikes out swinging
Top of the 1st over - 0 runs, 0 hits, 1 error, 1 left on base; Burlington 0 - Delmarva 0
BOTTOM OF THE 1ST
Delmarva Shorebirds batting - Pitching for Burlington Bees : RHP Chris DePalma
Pitching: RHP Chris DePalma
Batting: RHB Josh Hopp 0-0: Foul Ball, location: 2F
0-1: Ball
1-1: Hit by Pitch
Batting: RHB Daniel Jackson 0-0: Ball
Josh Hopp steals 2nd base
1-0: Fly out, F8 (Flyball, 8LXD, EV 100.6 MPH)
Runner from 2nd tags up, SAFE at 3rd, no throw by CF
Batting: RHB Ethan Finke 0-0: SINGLE (Flyball, 6MD, EV 89.4 MPH)
Josh Hopp scores
Batting: RHB Ismael Macedo 0-0: Fielders Choice at 2nd, 6-4 (Groundball, 6MD, EV 85.6 MPH)
Batting: RHB Luke Vaccarino 0-0: Swinging Strike
Passed Ball!
Ismael Macedo to second
0-1: Fly out, F8 (Flyball, 89XD, EV 100.6 MPH)
Bottom of the 1st over - 1 run, 1 hit, 0 errors, 1 left on base; Burlington 0 - Delmarva 1
TOP OF THE 2ND
Burlington Bees batting - Pitching for Delmarva Shorebirds : RHP Jonathan Spicer
Batting: RHB Dan Burkhart 0-0: Ball
1-0: Called Strike
1-1: Ball
2-1: Fly out, F4 (Popup, 23, EV 85.0 MPH)
Batting: RHB Dan Thomey 0-0: Ball
1-0: Foul Ball, location: 2F
1-1: Swinging Strike
1-2: Fly out, F6 (Line Drive, 6MD, EV 72.5 MPH)
Batting: RHB Rory Cobb 0-0: Ball
1-0: Swinging Strike
1-1: Ground out 5-3 (Groundball, 56, EV 84.4 MPH)
Top of the 2nd over - 0 runs, 0 hits, 0 errors, 0 left on base; Burlington 0 - Delmarva 1
BOTTOM OF THE 2ND
Delmarva Shorebirds batting - Pitching for Burlington Bees : RHP Chris DePalma
Batting: RHB Francisco Viera 0-0: Ball
1-0: Ball
2-0: Foul Ball, location: 2F
2-1: SINGLE (Line Drive, 8RS, EV 111.2 MPH)
Batting: RHB Wes Reynolds 0-0: Called Strike
0-1: Foul Ball, location: 2F
0-2: Foul Ball, location: 2F
0-2: Ball
1-2: Ball
2-2: Foul Ball, location: 2F
2-2: Grounds into double play, 6-4-3 (Groundball, 6M, EV 89.4 MPH)
Batting: RHB Mike Zepeda 0-0: Ball
1-0: Ball
2-0: Foul Ball, location: 2F
2-1: Ball
3-1: Base on Balls
Batting: RHB Dave Perron 0-0: Ball
Mike Zepeda steals 2nd base
1-0: Ball
2-0: Ball
3-0: Called Strike
3-1: Base on Balls
Batting: RHB Josh Hopp 0-0: SINGLE (Groundball, 3S, EV 68.8 MPH) (infield hit)
Mike Zepeda to third
Dave Perron to second
Batting: RHB Daniel Jackson 0-0: Ball
1-0: Called Strike
1-1: SINGLE (Line Drive, 8LS, EV 110.0 MPH)
Mike Zepeda scores
Dave Perron to third
Josh Hopp to second
Runner from 3rd tries for Home, SAFE, throw by CF to home
Batting: RHB Ethan Finke 0-0: Called Strike
0-1: Ball
1-1: Called Strike
1-2: TRIPLE (Flyball, 9LM, EV 79.4 MPH)
Josh Hopp scores
Daniel Jackson scores
Batting: RHB Ismael Macedo 0-0: Ground out 5-3 (Groundball, 56, EV 100.6 MPH)
Bottom of the 2nd over - 4 runs, 4 hits, 0 errors, 1 left on base; Burlington 0 - Delmarva 5
TOP OF THE 3RD
Burlington Bees batting - Pitching for Delmarva Shorebirds : RHP Jonathan Spicer
Batting: LHB Matthew Bale 0-0: Swinging Strike
0-1: Ball
1-1: Foul Ball, location: 2F
1-2: Foul Ball, location: 2F
1-2: Strikes out swinging
Batting: RHB Malachi Ephron 0-0: Ball
1-0: Called Strike
1-1: Ball
2-1: Ground out 4-3 (Groundball, 4M, EV 106.2 MPH)
Batting: RHB Sean Rocha 0-0: Called Strike
0-1: Called Strike
0-2: Ball
1-2: Foul Ball, location: 2F
1-2: Ball
2-2: Foul Ball, location: 2F
2-2: Strikes out swinging
Top of the 3rd over - 0 runs, 0 hits, 0 errors, 0 left on base; Burlington 0 - Delmarva 5
BOTTOM OF THE 3RD
Delmarva Shorebirds batting - Pitching for Burlington Bees : RHP Chris DePalma
Batting: RHB Luke Vaccarino 0-0: Called Strike
0-1: Ground out 5-3 (Groundball, 56S, EV 66.9 MPH)
Batting: RHB Francisco Viera 0-0: Ball
1-0: Called Strike
1-1: Ball
2-1: Foul Ball, location: 2F
2-2: Strikes out looking
Batting: RHB Wes Reynolds 0-0: Called Strike
0-1: Ball
1-1: Ball
2-1: Ball
3-1: Base on Balls
Batting: RHB Mike Zepeda 0-0: Ball
1-0: Ball
Wes Reynolds steals 2nd base
2-0: Foul Ball, location: 2F
2-1: Swinging Strike
2-2: SINGLE (Groundball, 4MS, EV 69.4 MPH) (infield hit)
Wes Reynolds to third
Pitching: RHP Jamie Snyder
Batting: RHB Dave Perron 0-0: Hit by Pitch
Mike Zepeda to second
Batting: RHB Josh Hopp 0-0: Ball
1-0: Foul Ball, location: 2F
1-1: Ball
2-1: Called Strike
2-2: Ball
3-2: Base on Balls
Wes Reynolds scores
Mike Zepeda to third
Dave Perron to second
Batting: RHB Daniel Jackson 0-0: Called Strike
0-1: Fly out, F4 (Line Drive, 34D, EV 73.1 MPH)
Bottom of the 3rd over - 1 run, 1 hit, 0 errors, 3 left on base; Burlington 0 - Delmarva 6
TOP OF THE 4TH
Burlington Bees batting - Pitching for Delmarva Shorebirds : RHP Jonathan Spicer
Batting: RHB Danny Bjarnson 0-0: Ball
1-0: Called Strike
1-1: Ball
2-1: Ground out U3 (Groundball, 34S, EV 80.0 MPH)
Batting: RHB Peter Westover 0-0: Ball
1-0: Called Strike
1-1: Fly out, F8 (Flyball, 8LS, EV 90.6 MPH)
Batting: SHB Danny Gelinas 0-0: Foul Ball, location: 2F
0-1: Foul Ball, location: 2F
0-2: Ball
1-2: Ball
2-2: Strikes out looking
Top of the 4th over - 0 runs, 0 hits, 0 errors, 0 left on base; Burlington 0 - Delmarva 6
BOTTOM OF THE 4TH
Delmarva Shorebirds batting - Pitching for Burlington Bees : RHP Jamie Snyder
Batting: RHB Ethan Finke 0-0: DOUBLE (Groundball, 5L, EV 105.0 MPH)
Batting: RHB Ismael Macedo 0-0: Foul Ball, location: 2F
0-1: Swinging Strike
0-2: Foul Ball, location: 2F
0-2: Ball
1-2: TRIPLE (Line Drive, 78XD, EV 106.9 MPH)
Ethan Finke scores
Batting: RHB Luke Vaccarino 0-0: Called Strike
0-1: DOUBLE (Line Drive, 7LS, EV 92.5 MPH)
Ismael Macedo scores
Batting: RHB Francisco Viera 0-0: Called Strike
0-1: Called Strike
0-2: Ball
1-2: Strikes out swinging
Batting: RHB Wes Reynolds 0-0: Foul Ball, location: 2F
0-1: Ball
1-1: Swinging Strike
1-2: Ground out 6-3 (Groundball, 6MS, EV 70.6 MPH)
Luke Vaccarino to third
Batting: RHB Mike Zepeda 0-0: Ball
1-0: Called Strike
1-1: Swinging Strike
1-2: Ball
2-2: Strikes out swinging
Bottom of the 4th over - 2 runs, 3 hits, 0 errors, 1 left on base; Burlington 0 - Delmarva 8
TOP OF THE 5TH
Burlington Bees batting - Pitching for Delmarva Shorebirds : RHP Jonathan Spicer
Batting: RHB Dan Burkhart 0-0: Called Strike
0-1: Ball
1-1: Ball
2-1: Foul Ball, location: 2F
2-2: Strikes out swinging
Batting: RHB Dan Thomey 0-0: Swinging Strike
0-1: Ball
1-1: Ball
2-1: Swinging Strike
2-2: Strikes out swinging
Batting: RHB Rory Cobb 0-0: Ball
1-0: Ball
2-0: Called Strike
2-1: Swinging Strike
2-2: Ball
3-2: Strikes out looking
Top of the 5th over - 0 runs, 0 hits, 0 errors, 0 left on base; Burlington 0 - Delmarva 8
BOTTOM OF THE 5TH
Delmarva Shorebirds batting - Pitching for Burlington Bees : RHP Jamie Snyder
Batting: RHB Dave Perron 0-0: Ball
1-0: Foul Ball, location: 2F
1-1: Foul Ball, location: 2F
1-2: Ball
2-2: Strikes out looking
Batting: RHB Josh Hopp 0-0: Ball
1-0: Ball
2-0: Foul Ball, location: 2F
2-1: Swinging Strike
2-2: Ground out 1-3 (Groundball, 13S, EV 63.8 MPH)
Batting: RHB Daniel Jackson 0-0: Called Strike
0-1: Ground out U3 (Groundball, 3, EV 88.1 MPH)
Bottom of the 5th over - 0 runs, 0 hits, 0 errors, 0 left on base; Burlington 0 - Delmarva 8
TOP OF THE 6TH
Burlington Bees batting - Pitching for Delmarva Shorebirds : RHP Jonathan Spicer
Batting: LHB Matthew Bale 0-0: Called Strike
0-1: SINGLE (Line Drive, 34, EV 94.4 MPH)
Batting: RHB Malachi Ephron 0-0: Ball
1-0: Ball
2-0: Ball
3-0: Called Strike
3-1: Base on Balls
Matthew Bale to second
Batting: RHB Sean Rocha 0-0: Fielders Choice at 2nd, 4-6 (Groundball, 4M, EV 84.4 MPH)
Matthew Bale to third
Batting: RHB Danny Bjarnson 0-0: Called Strike
0-1: Ball
Sean Rocha is caught stealing 2nd base 2-4
1-1: DOUBLE (Line Drive, 89D, EV 108.8 MPH)
Matthew Bale scores
Pitching: RHP Nick Weirick
Batting: RHB Peter Westover 0-0: Foul Ball, location: 2F
0-1: Called Strike
0-2: Foul Ball, location: 2F
0-2: Strikes out swinging
Top of the 6th over - 1 run, 2 hits, 0 errors, 1 left on base; Burlington 1 - Delmarva 8
BOTTOM OF THE 6TH
Delmarva Shorebirds batting - Pitching for Burlington Bees : RHP Jamie Snyder
Batting: RHB Ethan Finke 0-0: Called Strike
0-1: Ball
1-1: Ball
2-1: Foul Ball, location: 2F
2-2: Foul Ball, location: 2F
2-2: Ground out 4-3 (Groundball, 4, EV 85.0 MPH)
Batting: RHB Ismael Macedo 0-0: Ball
1-0: Ground out 5-3 (Groundball, 56, EV 80.6 MPH)
Batting: RHB Luke Vaccarino 0-0: Called Strike
0-1: Ball
1-1: SINGLE (Line Drive, 4MD, EV 96.2 MPH)
Pitching: RHP Kennie Williams
Batting: RHB Francisco Viera 0-0: Ball
1-0: Called Strike
1-1: Foul Ball, location: 2F
1-2: Ball
2-2: Fly out, F7 (Flyball, 7D, EV 90.0 MPH)
Bottom of the 6th over - 0 runs, 1 hit, 0 errors, 1 left on base; Burlington 1 - Delmarva 8
TOP OF THE 7TH
Burlington Bees batting - Pitching for Delmarva Shorebirds : RHP Nick Weirick
Pinch Hitting: RHB Phil Knox 0-0: Called Strike
0-1: Ground out 1-3 (Groundball, P, EV 63.1 MPH)
Batting: RHB Dan Burkhart 0-0: Called Strike
0-1: Ball
1-1: Foul Ball, location: 2F
1-2: Ball
2-2: Foul Ball, location: 2F
2-2: Hit by Pitch
Batting: RHB Dan Thomey 0-0: Called Strike
Dan Burkhart steals 2nd base (no throw)
0-1: Ball
1-1: Ball
2-1: Swinging Strike
2-2: SINGLE (Groundball, 56D, EV 104.4 MPH)
Dan Burkhart to third
Runner from 3rd tries for Home, SAFE, throw by LF to home
Batting: RHB Rory Cobb 0-0: Ball
1-0: Called Strike
1-1: Ball
2-1: Fielders Choice at 2nd, 3-6 (Groundball, 3, EV 93.8 MPH)
Batting: LHB Matthew Bale 0-0: Called Strike
0-1: 2-RUN HOME RUN (Flyball, 89XD, EV 99.4 MPH), Distance : 395 ft
Pitching: RHP Manny Saldana
Batting: RHB Malachi Ephron 0-0: Called Strike
0-1: Ball
1-1: Ball
2-1: Swinging Strike
2-2: Ball
3-2: Base on Balls
Batting: RHB Sean Rocha 0-0: Ball
1-0: Swinging Strike
1-1: Ball
2-1: Ball
3-1: Foul Ball, location: 2F
3-2: Base on Balls
Malachi Ephron to second
Batting: RHB Danny Bjarnson 0-0: Fielders Choice at 2nd, 5-4 (Groundball, 5, EV 103.8 MPH)
Top of the 7th over - 3 runs, 2 hits, 0 errors, 2 left on base; Burlington 4 - Delmarva 8
BOTTOM OF THE 7TH
Delmarva Shorebirds batting - Pitching for Burlington Bees : RHP Kennie Williams
Now at 3B: Phil Knox
Batting: RHB Wes Reynolds 0-0: Called Strike
0-1: Ball
1-1: Foul Ball, location: 2F
1-2: SINGLE (Line Drive, 78S, EV 99.4 MPH)
Batting: RHB Mike Zepeda 0-0: Bunted foul
0-1: Ball
1-1: Ball
2-1: Bunted foul
2-2: Strikes out swinging
Batting: RHB Dave Perron 0-0: Called Strike
0-1: Ball
1-1: Called Strike
1-2: Reached on error, E5 (Groundball, 5S, EV 93.8 MPH)
Wes Reynolds to second
Batting: RHB Josh Hopp 0-0: Called Strike
Wes Reynolds steals 3rd base
0-1: Fly out, F7 (Line Drive, 7LM, EV 108.8 MPH)
Runner from 3rd tags up, SCORES, no throw by LF
Batting: RHB Daniel Jackson 0-0: Ball
1-0: Ball
2-0: Ball
3-0: Called Strike
3-1: Ground out 6-3 (Groundball, 56, EV 105.6 MPH)
Bottom of the 7th over - 1 run, 1 hit, 1 error, 1 left on base; Burlington 4 - Delmarva 9
TOP OF THE 8TH
Burlington Bees batting - Pitching for Delmarva Shorebirds : RHP Manny Saldana
Batting: RHB Peter Westover 0-0: Swinging Strike
0-1: Ball
1-1: Ball
2-1: Swinging Strike
2-2: Strikes out swinging, 2-3 out at first.
Batting: RHB Phil Knox 0-0: SINGLE (Groundball, P, EV 81.9 MPH) (infield hit)
Batting: RHB Dan Burkhart 0-0: Grounds into double play, 3-6-3 (Groundball, 3, EV 101.2 MPH)
Top of the 8th over - 0 runs, 1 hit, 0 errors, 0 left on base; Burlington 4 - Delmarva 9
BOTTOM OF THE 8TH
Delmarva Shorebirds batting - Pitching for Burlington Bees : RHP Kennie Williams
Batting: RHB Ethan Finke 0-0: Called Strike
0-1: Swinging Strike
0-2: Ball
1-2: Strikes out looking
Batting: RHB Ismael Macedo 0-0: Ball
1-0: Foul Ball, location: 2F
1-1: Foul Ball, location: 2F
1-2: Foul Ball, location: 2F
1-2: Fly out, F7 (Flyball, 78M, EV 92.5 MPH)
Batting: RHB Luke Vaccarino 0-0: Called Strike
0-1: SOLO HOME RUN (Flyball, 7D, EV 98.8 MPH), Distance : 363 ft
Batting: RHB Francisco Viera 0-0: Called Strike
0-1: Called Strike
0-2: Ball
1-2: Ball
2-2: Strikes out swinging
Bottom of the 8th over - 1 run, 1 hit, 0 errors, 0 left on base; Burlington 4 - Delmarva 10
TOP OF THE 9TH
Burlington Bees batting - Pitching for Delmarva Shorebirds : RHP Manny Saldana
Batting: RHB Dan Thomey 0-0: Called Strike
0-1: SINGLE (Line Drive, 3D, EV 106.2 MPH)
Batting: RHB Rory Cobb 0-0: Swinging Strike
0-1: Ball
1-1: Swinging Strike
1-2: Strikes out looking
Batting: LHB Matthew Bale 0-0: Ball
1-0: Foul Ball, location: 2F
1-1: Swinging Strike
Dan Thomey steals 2nd base
1-2: Ball
2-2: Ball
3-2: Foul Ball, location: 2F
3-2: Base on Balls
Batting: RHB Malachi Ephron 0-0: Ball
1-0: Grounds into double play, 4-6-3 (Groundball, 4, EV 110.0 MPH)
Top of the 9th over - 0 runs, 1 hit, 0 errors, 1 left on base; Burlington 4 - Delmarva 10
Tuesday, March 28th , 2023 - OOTP Baseball 23.10 Build 110